 Dungeon Crawl Stone Soup version 0.19.4 (webtiles) character file.

76 Minion the Sneak (level 4, -5/19 HPs)
             Began as a Felid Wanderer on Feb 2, 2017.
             Killed from afar by sheala's ghost (9 damage)
             ... with a magic dart
             ... on level 3 of the Dungeon.
             The game lasted 00:10:29 (4059 turns).

Minion the Sneak (Felid Wanderer)                   Turns: 4059, Time: 00:10:29

Health: -5/19      AC:  1    Str: 13    XL:     4   Next: 12%
Magic:  7/8        EV: 18    Int: 14    God:
Gold:   169        SH:  0    Dex: 17    Spells: 1 memorised, 6 levels left
                                        Lives:  0   Deaths: 1

rFire  . . .     SeeInvis +       - Unarmed
rCold  . . .     Gourm    .     (armour unavailable)
rNeg   . . .     Faith    .     (shield unavailable)
rPois  .         Spirit   .     (helmet unavailable)
rElec  .         Reflect  .     (cloak unavailable)
rCorr  .         Harm     .     (gloves unavailable)
MR     .....                    (boots unavailable)
Stlth  +++.......               (no amulet)
                                (no ring)
                                m - +6 ring of strength

@: appendage (expiring), quick
A: no armour, no weapons or thrown items, stealth, claws 1, fangs 3, horns 2,
see invisible, carnivore 3, speed 1, shaggy fur 1, slow metabolism 1, sharp paws
a: End Transformation


You were on level 3 of the Dungeon.
You were full.
You had grown temporary horns.
You visited 1 branch of the dungeon, and saw 3 of its levels.

You collected 169 gold pieces.

Inventory:

Jewellery
 m - a +6 ring of strength (left paw)
Wands
 a - a wand of enslavement (24/24)
Scrolls
 e - 2 scrolls of fog
 h - 2 scrolls of identify
Potions
 d - a potion of berserk rage {unknown}
 i - a potion of invisibility
 j - a potion of magic {unknown}
 n - a potion of experience {unknown}
Books
 b - the Disquisition on Transformation

   Spells                             Type                      Level
   a - Beastly Appendage              Transmutation                1
   b - Ignite Poison                  Fire/Transmutation/Poison    3
Comestibles
 c - a meat ration


   Skills:
 + Level 1.4 Fighting
 + Level 2.6 Dodging
 + Level 4.2 Stealth
 + Level 2.4 Unarmed Combat
 + Level 2.0 Spellcasting
   Level 3.0 Hexes
   Level 2.4 Charms
 + Level 1.0 Transmutations
 + Level 1.5 Evocations


You had 6 spell levels left.
You knew the following spells:

 Your Spells              Type           Power        Failure   Level  Hunger
a - Beastly Appendage     Tmut           #.....       17%         1    ##.....


Dungeon Overview and Level Annotations

Branches:
Dungeon (3/15)

Altars:

Annotations:
D:3 sheala's ghost, amateur DECj


Innate Abilities, Weirdness & Mutations

You cannot wear armour.
You are incapable of wielding weapons or throwing items.
Your paws allow you to move quietly. (Stealth)
You have sharp claws.
You have razor-sharp teeth.
You have supernaturally acute eyesight. (SInv)
You are carnivorous and can eat meat at any time.
You cover ground quickly.
You are covered in fur. (AC +1)
You have a slow metabolism.
Your sharp claws are effective at attacking unaware monsters.
You have a pair of horns on your head.


Message History

Casting: Beastly Appendage
Confirm with . or Enter, or press ? or * to list all spells.
You grow a pair of large bovine horns.
Your transformation is almost over.
Sheala's ghost closely misses you.
You closely miss sheala's ghost. Sheala's ghost hits you!
You miss sheala's ghost. Sheala's ghost misses you.
You closely miss sheala's ghost. Your headbutt misses sheala's ghost.
Sheala's ghost gestures at you while chanting.
The magic dart hits you!
* * * LOW HITPOINT WARNING * * *
You are too injured to fight recklessly!
You are too injured to fight recklessly!
You are too injured to fight recklessly!
You miss sheala's ghost. Sheala's ghost closely misses you.
You scratch sheala's ghost. You headbutt sheala's ghost!
Sheala's ghost is moderately damaged.
Sheala's ghost points at you and mumbles some strange words.
The magic dart hits you!
You die...

#......# ########### ###
#(.....# #.........# ..#
#......# #.........# ..#
#..<...# #.........#
..######..S...###.........#####
..'%..........+.'............>#
..######.....W###........(.###
..# #......###..........# ..#
###.....W@..........# ###
#.##...#..........#
#.##...#..........#
#.##...##########.# # #+##...#
.# #### ..... # ..(. .......
.... ......... #### ..##.....


You could see sheala's ghost.

Vanquished Creatures
  7 adders (D:2)
  3 oozes (D:2)
  2 worms (D:2)
  3 dart slugs
  A leopard gecko (D:1)
  2 ball pythons
  2 giant cockroaches
  7 goblins
  11 hobgoblins
  8 jackals
  6 kobolds
  6 bats
  A frilled lizard (D:1)
  4 rats
63 creatures vanquished.

Notes
Turn   | Place    | Note
-------+----------+-------------------------------------------
     0 | D:1      | Minion the Felid Wanderer began the quest for the Orb.
     0 | D:1      | Minion set off with: a wand of enslavement (15/24), the Disquisition on Transformation, a meat ration
     0 | D:1      | Reached XP level 1. HP: 9/9 MP: 3/3
    30 | D:1      | Learned a level 1 spell: Beastly Appendage
    63 | D:1      | Reached skill level 3 in Stealth
   419 | D:1      | Reached XP level 2. HP: 5/12 MP: 1/4
  1800 | D:1      | Reached XP level 3. HP: 15/15 MP: 3/6
  2220 | D:2      | Reached skill level 1 in Unarmed Combat
  2822 | D:2      | Reached XP level 4. HP: 18/19 MP: 7/7
  3150 | D:2      | Reached skill level 1 in Transmutations
  3606 | D:2      | Reached skill level 4 in Stealth
  3609 | D:2      | Reached XP level 5. HP: 22/22 MP: 9/9
  4012 | D:3      | Noticed sheala's ghost (amateur DECj)
  4034 | D:3      | Killed from afar by sheala's ghost
  4035 | D:3      | Reached XP level 4. HP: 0/19 MP: 8/8
  4059 | D:3      | Killed from afar by sheala's ghost

Skill      XL: |  1  2  3  4 |
---------------+-------------+-----
Stealth        | 3 4 |  4.2
Dodging        | 2 |  2.6
Unarmed Combat | 1 2 |  2.4
Transmutations | 1 |  1.0
Spellcasting   | 2 |  2.0
Fighting       | |  1.4
Hexes          | |  3.0
Charms         | |  2.4
Evocations     | |  1.5

Action                   |  1- 3 |  4- 6 || total
-------------------------+-------+-------++-------
Melee: Unarmed           |   126 |   103 ||   229
       Headbutt          |    16 |    14 ||    30
       Bite              |     6 |     7 ||    13
 Cast: Beastly Appendage |    15 |     7 ||    22
  Use: Potion            |     1 |     1 ||     2
       Scroll            |       |     5 ||     5
 Stab: Sleeping          |     7 |     8 ||    15
  Eat: Chunk             |    12 |     4 ||    16
Armor: Skin              |     7 |     5 ||    12
Dodge: Dodged            |   100 |   101 ||   201
